AoeStats
← 739697286

Black Forest

505266906Analyzed
4v4 RM · 25d ago on Sep 8, 2026· 67m 49s· 8 players
Game mode
Random Map
Map size
Large (8 player)
Population
200
Speed
Normal
Resources
Standard
Victory
Conquest
Starting age
Dark Age
Ending age
Imperial Age
RankedLock teamsTeams togetherTeam positionsShared explorationLock speedFull tech treeHidden civsTurbo modeCheats
Victory
Defeat
🇯🇵 Aztecs · Japan
1505
+13
🇵🇰 Saracens · Pakistan
1496
+14
🇨🇳 Vietnamese · China
1483
+14
🇷🇺 Bulgarians · Russia
1473
+14
🇹🇼 Maya · Taiwan
1536
-17
🇹🇼 Wei · Taiwan
1488
-16
🇹🇼 Shu · Taiwan
1480
-15
🇹🇼 Khmer · Taiwan
1260
-7
kome
6:28 Loom
11:11 Feudal Age
13:05 Double-Bit Axe
15:28 Castle Age
13:23 Fishing Lines
19:52 Sanctity
21:14 Horse Collar
26:22 Wheelbarrow
29:43 Imperial Age
27:50 Gillnets
28:33 Scale Mail Armor
28:43 Forging
28:28 Gold Mining
29:18 Fervor
29:08 Pikeman
29:48 Squires
31:08 Hand Cart
31:00 Arson
30:36 Eagle Warrior
30:50 Onager
31:49 Gambesons
32:28 Chain Mail Armor
32:48 Iron Casting
33:13 Coinage
32:44 Caravan
33:06 Elite Eagle Warrior
34:17 Plate Mail Armor
34:48 Blast Furnace
34:50 Conscription
35:18 Garland Wars
39:44 Fortified Wall
41:23 Elite Jaguar Warrior
44:19 Siege Engineers
48:23 Siege Onager
58:30 Fletching
59:39 Bodkin Arrow
60:45 Blast Furnace
63:38 Town Watch
63:51 Capped Ram
67:04 Chemistry
66:24 Heavy Plow
67:23 Bracer
68:23 Ballistics
67:59 Murder Holes
68:07 Padded Archer Armor
Horizon
11:16 Feudal Age
12:06 Double-Bit Axe
14:55 Castle Age
12:59 Double-Bit Axe
13:50 Horse Collar
15:49 Bow Saw
16:46 Heavy Plow
22:05 Wheelbarrow
22:11 Stone Mining
22:43 Town Watch
23:16 Hand Cart
23:51 Gold Mining
29:14 Imperial Age
29:22 Bloodlines
29:13 Husbandry
29:20 Scale Barding Armor
29:25 Forging
29:51 Fletching
30:22 Chain Barding Armor
31:10 Chemistry
30:44 Coinage
30:16 Caravan
30:46 Conscription
30:36 Counterweights
30:25 Elite Mameluke
31:16 Counterweights
31:27 Conscription
32:04 Bodkin Arrow
32:32 Ballistics
32:22 Masonry
35:13 Banking
36:04 Plate Barding Armor
36:04 Iron Casting
38:22 Blast Furnace
40:04 Hoardings
40:49 Loom
40:49 Town Watch
45:01 Counterweights
45:02 Bimaristan
48:12 Town Patrol
50:10 Bracer
50:11 Onager
51:50 Siege Onager
53:46 Siege Engineers
53:37 Murder Holes
53:44 Padded Archer Armor
YuriiVegas
1:39 Loom
11:09 Feudal Age
11:47 Double-Bit Axe
12:43 Horse Collar
13:02 Arson
15:52 Forging
21:24 Wheelbarrow
20:57 Scale Mail Armor
21:13 Stone Mining
21:16 Fletching
25:55 Castle Age
24:18 Gold Mining
26:56 Heavy Plow
27:17 Bow Saw
28:32 Chain Mail Armor
28:28 Squires
29:13 Chain Mail Armor
29:35 Iron Casting
28:56 Bodkin Arrow
32:02 Imperial Age
29:27 Pikeman
32:06 Halberdier
35:10 Plate Mail Armor
35:00 Gambesons
37:17 Gold Shaft Mining
36:46 Caravan
37:25 Stone Shaft Mining
37:53 Bagains
41:20 Hand Cart
42:17 Blast Furnace
41:40 Town Watch
43:32 Conscription
45:24 Bracer
47:36 Scale Barding Armor
48:32 Bloodlines
48:23 Husbandry
47:55 Light Cavalry
48:32 Stirrups
49:46 Chain Barding Armor
49:05 Hussar
51:18 Plate Barding Armor
54:16 Elite Konnik
739697286
1:17 Loom
14:43 Feudal Age
15:10 Town Watch
23:49 Double-Bit Axe
26:08 Horse Collar
27:56 Wheelbarrow
27:57 Gold Mining
28:11 Stone Mining
32:33 Castle Age
37:11 Imperial Age
43:01 Chemistry
44:30 Treadmill Crane
45:15 Bow Saw
45:10 Elite Skirmisher
45:53 Fletching
46:04 Padded Archer Armor
51:09 Hand Cart
51:46 Imperial Skirmisher
52:40 Bodkin Arrow
53:01 Leather Archer Armor
53:24 Thumb Ring
56:25 Crossbowman
57:32 Bracer
58:02 Ring Archer Armor
57:32 Bracer
58:02 Ring Archer Armor
57:43 Forging
57:34 Scale Mail Armor
57:37 Heavy Plow
57:54 Elite Battle Elephant
58:20 Arbalester
64:27 Iron Casting
63:57 Scale Barding Armor
65:40 Husbandry
67:35 Caravan
陳之漢
0:29 Loom
11:21 Feudal Age
12:26 Double-Bit Axe
15:09 Castle Age
16:15 Bow Saw
17:16 Fishing Lines
20:00 Gillnets
20:18 Horse Collar
23:52 Wheelbarrow
23:59 Gold Mining
26:33 Hand Cart
29:11 Imperial Age
26:56 Scale Mail Armor
27:07 Forging
27:01 Town Watch
27:18 Treadmill Crane
27:56 Chain Mail Armor
29:15 Iron Casting
28:33 Stone Mining
28:12 Eagle Warrior
29:41 Squires
29:27 Arson
29:34 Elite Eagle Warrior
30:51 Plate Mail Armor
32:02 Blast Furnace
31:24 Fletching
33:39 Holcans
36:23 Conscription
36:15 Bodkin Arrow
39:19 Guilds
40:07 Coinage
42:39 Elite Plumed Archer
43:56 Hoardings
44:23 Chemistry
43:43 Ballistics
43:27 Padded Archer Armor
43:28 Bracer
45:04 Leather Archer Armor
45:02 Masonry
45:35 Fortified Wall
46:00 Thumb Ring
47:38 Ring Archer Armor
49:35 Architecture
50:46 Careening
50:15 Capped Ram
54:15 Siege Ram
59:48 Guard Tower
61:37 Keep
Spirit
11:34 Feudal Age
16:59 Castle Age
15:32 Double-Bit Axe
15:27 Horse Collar
15:30 Fishing Lines
25:45 Wheelbarrow
30:06 Imperial Age
27:33 Gold Mining
28:56 Scale Barding Armor
29:02 Forging
30:47 Bow Saw
30:41 Heavy Plow
30:56 Bloodlines
30:46 Husbandry
30:12 Cavalier
31:25 Chain Barding Armor
31:46 Iron Casting
31:51 Hand Cart
33:24 Gold Shaft Mining
34:19 Gillnets
37:41 Plate Barding Armor
38:16 Blast Furnace
37:44 Stone Mining
37:25 Light Cavalry
54:54 Hussar
59:44 Caravan
LinCS
0:38 Loom
11:12 Feudal Age
16:00 Castle Age
18:09 Double-Bit Axe
18:36 Horse Collar
21:01 Bow Saw
21:52 Heavy Plow
22:08 Gold Mining
22:26 Stone Mining
22:29 Town Watch
24:11 Gold Shaft Mining
28:56 Imperial Age
29:10 Wheelbarrow
30:05 Fletching
30:54 Bodkin Arrow
34:29 Bracer
45:18 Hand Cart
46:38 Crop Rotation
46:48 Scale Barding Armor
46:53 Forging
48:31 Chain Barding Armor
49:38 Iron Casting
51:24 Ming Guang Armor
52:40 Blast Furnace
52:15 Conscription
51:55 Tuntian
52:33 Husbandry
52:43 Bloodlines
52:26 Heavy Hei Guang Cavalry
54:13 Blast Furnace
55:44 Light Cavalry
56:29 Hussar
58:22 Caravan
64:23 Elite Tiger Cavalry
65:14 Capped Ram
TheKuan
0:31 Loom
14:14 Feudal Age
14:17 Man-at-Arms
19:01 Fletching
19:37 Padded Archer Armor
19:24 Double-Bit Axe
23:45 Gold Mining
26:09 Castle Age
23:54 Horse Collar
30:24 Imperial Age
28:24 Bodkin Arrow
29:27 Gold Shaft Mining
29:32 Heavy Plow
29:49 Bow Saw
31:10 Ballistics
31:17 Crossbowman
33:22 Wheelbarrow
33:34 Heavy Plow
33:49 Bracer
34:38 Thumb Ring
36:53 Leather Archer Armor
39:18 Chemistry
39:34 Thumb Ring
40:23 Hand Cart
40:56 Stone Mining
40:28 Arbalester
46:12 Siege Engineers
46:35 Bolt Magazine
46:57 Conscription
51:30 Scale Mail Armor
52:04 Ring Archer Armor
52:05 Masonry
53:30 Coinage
59:46 Caravan
60:57 Guilds
63:34 Murder Holes
64:10 Architecture
66:20 Light Cavalry
67:01 Husbandry
Connection lost

Rejoining the realm…

Still unreachable

The connection could not be restored.

Session expired

The server has moved on; the page needs a fresh start.